 Dungeon Crawl Stone Soup version 0.31-a0-18-gea43df2a32 (webtiles) character file.

Game seed: 17580154830740934929

37 nacho123456 the Trooper (level 3, 0/33 HPs)
             Began as a Hill Orc Fighter on May 9, 2023.
             Slain by Robin
             ... wielding a +0 mace
              (3 damage)
             ... on level 2 of the Dungeon.
             The game lasted 00:02:13 (596 turns).

nacho123456 the Trooper (Hill Orc Fighter)           Turns: 596, Time: 00:02:14

Health: 0/33       AC:  7    Str: 20    XL:     3   Next: 41%
Magic:  3/3        EV:  9    Int:  8    God:
Gold:   42         SH:  4    Dex: 10    Spells: 2/2 levels left

rFire   . . .        a - +0 war axe
rCold   . . .        c - +0 buckler
rNeg    + . .        b - +0 scale mail
rPois   .            i - +0 hat
rElec   .            (no cloak)
rCorr   .            (no gloves)
SInv    .            (no boots)
Will    .....        (no amulet) Stlth
                     f - ring of positive energy
HPRegen 0.25/turn    (no ring)
MPRegen 0.08/turn

%: no passive effects
@: no status effects
A: no striking features
a: no special abilities


You were on level 2 of the Dungeon.
You visited 1 branch of the dungeon, and saw 2 of its levels.

You collected 42 gold pieces.

Inventory:

Hand Weapons
 a - a +0 war axe (weapon)
Armour
 b - a +0 scale mail (worn)
 c - a +0 buckler (worn)
 i - a +0 hat (worn)
Jewellery
 f - a ring of positive energy (left hand)
Wands
 j - a wand of polymorph (8)
Scrolls
 e - a scroll of poison {unknown}
 g - a scroll of teleportation {unknown}
 h - 2 scrolls of fog {unknown}
Potions
 d - a potion of might
 k - a potion of flight {unknown}


   Skills:
 + Level 4.2 Fighting
 + Level 3.2 Axes
 + Level 3.8 Armour
 + Level 0.1 Dodging
 + Level 3.6 Shields


You had 2 spell levels left.
You didn't know any spells.
Your spell library was empty.

Dungeon Overview and Level Annotations

Branches:
Dungeon (2/15)

Altars:

Shops:
D:1 (

Annotations:
D:2 Robin


Message History

The hobgoblin hits you but does no damage.
The goblin hits you with a +0 club.
You slash the goblin!
You kill the goblin!
You closely miss the goblin. You hit the hobgoblin but do no damage.
The goblin hits you but does no damage. The hobgoblin hits you.
Robin throws the goblin at you! The goblin hits you with a +0 club.
* * * LOW HITPOINT WARNING * * *
Things that are here:
a +0 dagger; a goblin corpse You closely miss the goblin.
You hit the hobgoblin but do no damage. The hobgoblin hits you.
* * * LOW HITPOINT WARNING * * *
Robin roars a battlecry!
The goblin goes into a battle-frenzy!
The goblin hits you with a +0 club.
* * * LOW HITPOINT WARNING * * *
You hit the hobgoblin.
The hobgoblin is heavily wounded.
You slash the goblin!
You kill the goblin!
The hobgoblin no longer looks unusually strong.
The hobgoblin hits you but does no damage.
Robin throws the goblin at you! The goblin barely misses you.
The hobgoblin hits you but does no damage.
You hit the hobgoblin but do no damage.
The hobgoblin is heavily wounded.
You slash the goblin!
You kill the goblin!
You barely miss the hobgoblin.
The hobgoblin is heavily wounded.
Robin roars a battlecry!
The hobgoblin goes into a battle-frenzy!
The hobgoblin barely misses you. The hobgoblin closely misses you.
You slash the hobgoblin!
You kill the hobgoblin!
You slash Robin!
Robin is severely wounded.
Robin hits you with a +0 mace.
You die...

#........ ######... #.##
#.## ######### #>##
#..(..... ..# #.......#
####
#######.......####..
#)g@)...............
#....)#####.......####..
.....## #.......# #..
##.. ######.......####.#
... .>..<...............
## ########)####.####..
#.# #.# ### #.# #.# #.#
#.#


You could see Robin.

Vanquished Creatures
  A dart slug (D:1)
  3 bats
  3 endoplasms
  2 giant cockroaches
  10 goblins
  3 hobgoblins
  A quokka (D:1)
  4 kobolds
  A rat (D:1)
28 creatures vanquished.

Notes
Turn   | Place    | Note
-------+----------+-------------------------------------------
     0 | D:1      | nacho123456 the Hill Orc Fighter began the quest for the
                  | Orb.
     0 | D:1      | Reached XP level 1. HP: 19/19 MP: 1/1
    25 | D:1      | Found Baf Xofoklot's Antique Armour Shoppe.
   120 | D:1      | Reached XP level 2. HP: 27/27 MP: 2/2
   240 | D:1      | Found Ynouc's Weapon Shoppe.
   473 | D:2      | Reached skill level 4 in Fighting
   569 | D:2      | Reached XP level 3. HP: 33/33 MP: 3/3
   577 | D:2      | Noticed Robin
   596 | D:2      | Slain by Robin

Illustrated notes

Levels and vault maps discovered:
D:1:      shiori_arrival_oz, layout_rooms, serial_shops, shop_fountains,
          nicolae_shop_bloodbath_and_beyond
D:2:      layout_loops_ring, uniq_robin, uniq_jessica

Skill      XL: |  1  2  3 |
---------------+----------+-----
Fighting       | 4 |  4.2
Axes           | 3 |  3.2
Armour         | |  3.8
Dodging        | |  0.1
Shields        | |  3.6

Action                     || total
---------------------------++-------
  Melee: War axe           ||    66
 Armour: Scale mail        ||    37
  Dodge: Dodged            ||    33
  Block: Buckler           ||    14

Table legend: (Time is in decaauts)
 A = Elapsed time spent in this place.
 B = Non-inter-level travel time spent in this place.
 C = Inter-level travel time spent in this place.
 D = Time resting spent in this place.
 E = Time spent auto-exploring this place.
 F = Levels seen in this place.
 G = Mean time per level.
                   A        B        C        D        E       F      G
               +--------+--------+--------+--------+--------+-----+--------+
         Total |    620 |    524 |     96 |      0 |    340 |   2 |  310.0 |
       Dungeon |    620 |    524 |     96 |      0 |    340 |   2 |  310.0 |
               +--------+--------+--------+--------+--------+-----+--------+

Top non-repeatable levels by time:
     D:1: 481 daAuts
     D:2: 139 daAuts
